Map: Arctic Dream LE

Players

qqq - Winner!

  • Race: Zerg Zerg
  • Spawn Location: 6:00

Massa - Winner!

  • Race: Terran Terran
  • League: Platinum
  • Spawn Location: 5:00

Becksaw

  • Race: Zerg Zerg
  • Spawn Location: 11:00

Donjohnson

  • Race: Terran Terran
  • League: Gold
  • Spawn Location: 12:00

VOD

Have the link to the VOD?

Description

Time

  • Played on: Nov. 4, 2020, 1:57 p.m.
  • Length: 6:34
Show
View Real Time Build Order
Export as new Build Order

qqq Zerg - Winner!

Build Orders: Hatch First 

Get SALT Encoding   

  12  0:00  Drone  
  13  0:11  Drone  
  14  0:40  Hatchery, Drone  
  14  0:56  Spawning Pool  
  13  1:03  Overlord  
  13  1:08  Drone  
  13  1:10  Extractor  
  13  1:14  Drone  
  14  1:27  Drone x2  
  16  1:37  Drone  
  17  1:47  Queen  
  17  1:48  Zergling x2  
  20  1:56  Zergling x2  
  21  2:04  Zergling x2  
  21  2:06  Overlord  
  22  2:10  Extractor  
  22  2:13  Zergling x2  
  23  2:18  Zergling x2  
  23  2:21  Metabolic Boost  
  24  2:23  Zergling x2  
  24  2:28  Zergling x2  
  26  2:34  Zergling x2  
  26  2:36  Zergling x2  
  28  2:43  Zergling x2  
  28  2:57  Zergling x8  
  32  2:59  Zergling x2  
  33  3:06  Drone  
  33  3:07  Zergling x2  
  35  3:15  Drone  
  35  3:19  Overlord  
  35  3:34  Overlord  
  35  3:35  Zergling x2  
  35  3:40  Zergling x2  
  35  3:41  Zergling x4  
  37  3:50  Zergling x4  
  37  3:51  Zergling x2  
  35  4:05  Zergling x2  
  35  4:06  Zergling x2  
  35  4:07  Zergling x4  
  37  4:13  Zergling x2  
  32  4:26  Zergling x2  
  32  4:27  Zergling x2  
  33  4:37  Zergling x2  
  33  4:38  Zergling x2  
  33  4:48  Zergling x10  
  37  5:00  Zergling x4  
  37  5:05  Zergling x2  
  38  5:14  Baneling Nest  
  35  5:15  Drone  
  35  5:16  Queen  
  35  5:17  Drone  
  39  5:26  Spine Crawler  
  31  5:48  Zergling x12  
  31  5:49  Drone x2  
  38  6:06  Baneling  
  38  6:07  Baneling x4  
  38  6:08  Zergling x2  
  38  6:09  Zergling x4  
Show
View Real Time Build Order
Export as new Build Order

Massa Terran - Winner!

Build Orders:  

Get SALT Encoding   

  12  0:00  SCV  
  13  0:12  SCV  
  14  0:17  Supply Depot  
  14  0:24  SCV  
  15  0:38  SCV  
  15  0:39  Barracks  
  16  0:48  Refinery  
  16  0:50  SCV  
  17  1:03  SCV  
  18  1:15  SCV  
  19  1:27  SCV  
  19  1:33  Reaper  
  21  1:42  Supply Depot  
  21  1:43  Orbital Command, Barracks  
  20  1:48  Barracks  
  20  2:05  Marine  
  21  2:16  Factory  
  20  2:45  SCV  
  21  2:57  SCV  
  22  3:03  Marine  
  22  3:04  Marine x2  
  25  3:06  Factory Tech Lab  
  25  3:21  Marine  
  25  3:22  Marine x2  
  28  3:33  Siege Tank  
  31  3:40  Command Center  
  31  3:42  Refinery  
  31  3:43  Supply Depot  
  31  3:48  Supply Depot  
  31  4:05  Marine x3  
  37  4:10  Siege Tank  
  37  4:31  Barracks Reactor, Barracks Tech Lab, Marine  
  38  4:49  Marine  
  39  5:02  Marauder  
  41  5:07  Marine  
  41  5:09  Starport, Marine x2  
  44  5:19  Widow Mine  
  46  5:23  Marauder  
  46  5:25  Marine  
  46  5:26  Marine  
  46  5:27  Marine  
  51  5:40  Widow Mine  
  52  5:44  Marauder  
  54  5:52  Marine x3  
  54  5:53  Orbital Command  
  54  5:55  SCV  
  58  6:06  Marauder  
  62  6:12  Supply Depot  
  62  6:14  Supply Depot  
Show
View Real Time Build Order
Export as new Build Order

Becksaw Zerg 

Build Orders: Hatch First 

Get SALT Encoding   

  12  0:00  Drone  
  13  0:12  Overlord  
  13  0:17  Drone  
  14  0:30  Drone x2  
  14  0:34  Drone  
  17  0:53  Hatchery  
  17  0:56  Drone  
  17  0:57  Drone  
  17  1:01  Extractor  
  17  1:06  Drone  
  18  1:16  Spawning Pool  
  17  1:19  Drone  
  18  1:28  Drone  
  19  1:44  Drone  
  20  1:49  Drone  
  21  2:01  Overlord  
  21  2:04  Metabolic Boost  
  21  2:07  Queen x2  
  25  2:09  Zergling x2  
  25  2:12  Drone  
  27  2:16  Drone  
  28  2:31  Drone  
  28  2:32  Drone  
  28  2:33  Drone  
  31  2:37  Drone  
  32  2:47  Drone  
  32  2:50  Drone  
  34  2:53  Drone  
  35  3:04  Zergling x2  
  36  3:18  Hatchery  
  35  3:23  Hatchery  
  35  3:26  Zergling x8  
  36  3:28  Zergling x2  
  35  3:39  Zergling x4  
  35  3:40  Zergling x6  
  35  3:42  Spine Crawler  
  35  3:43  Zergling x2  
  32  3:48  Queen  
  32  3:54  Zergling x4  
  30  3:59  Spawning Pool  
  30  4:01  Zergling x2  
  18  4:47  Zergling x28  
  18  4:48  Zergling x4  
  18  4:50  Queen x2  
  18  4:51  Queen  
  18  4:52  Zergling x2  
  39  4:56  Zergling x2  
  39  4:57  Zergling x4  
  39  4:58  Baneling Nest  
  39  5:04  Zergling x6  
  39  5:07  Zergling x2  
  41  5:09  Zergling x4  
  41  5:13  Zergling x4  
  45  5:17  Zergling x6  
  48  5:23  Overlord x2  
  48  5:31  Zergling x2  
  44  5:36  Zergling x4  
  44  5:37  Zergling x2  
  44  5:42  Zergling x2  
  37  5:43  Zergling x6  
  36  5:51  Queen  
  26  6:04  Baneling  
  26  6:05  Baneling x6  
  26  6:06  Zergling x2  
  26  6:08  Zergling x4  
  30  6:11  Zergling x2  
  30  6:15  Zergling x4  
  30  6:17  Zergling x2  
Show
View Real Time Build Order
Export as new Build Order

Donjohnson Terran 

Build Orders: Reaper Expand 

Get SALT Encoding   

  12  0:00  SCV  
  13  0:12  SCV  
  14  0:17  Supply Depot  
  14  0:24  SCV  
  15  0:38  SCV  
  15  0:41  Barracks  
  16  0:45  Refinery  
  16  0:51  SCV  
  17  1:03  SCV  
  18  1:15  SCV  
  19  1:32  Orbital Command  
  19  1:33  Reaper  
  20  1:52  Command Center  
  20  2:00  Supply Depot  
  20  2:05  SCV  
  20  2:19  Barracks Reactor  
  20  2:28  Factory  
  18  2:56  Marine x2  
  2  5:08  Orbital Command  
Tags
 
Add a new tag
Caveats
  • Supply blocks, unpowered buildings, or Contaminate may cause inaccurate times.
  • Supply counts are checked every 10 seconds.